 Dungeon Crawl Stone Soup version 0.28-a0-938-gbc3f381ebc (webtiles) character file.

Game seed: 17501297291686286437

24 Hipnos the Magician (level 3, -10/25 HPs)
             Began as a Djinni Ice Elementalist on Nov 28, 2021.
             Mangled by an ogre (18 damage)
             ... on level 2 of the Dungeon.
             The game lasted 00:03:35 (1830 turns).

Hipnos the Magician (Djinni Ice Elementalist)       Turns: 1830, Time: 00:03:36

Health: -10/25     AC:  3    Str:  7    XL:     3   Next: 15%
Gold:   84         EV: 12    Int: 17    God:
                   SH:  0    Dex: 13

rFire   + + .      SeeInvis .   c - staff of fire
rCold   . . .      Faith    .   (no shield)
rNeg    . . .      Spirit   .   a - +0 robe
rPois   ∞          Reflect  .   (no helmet)
rElec   .          Harm     .   (no cloak)
rCorr   .          Rampage  .   h - +0 pair of gloves
Will    .....                   (boots unavailable)
Stlth   ++........              (no amulet)
HPRegen 0.08/turn               e - ring of ice
MPRegen 0.00/turn               (no ring)

@: flying, very slightly contaminated
A: sickness immunity, fire resistance 2, cold vulnerability 1, float, innate
caster, hp casting, extra vitality 1
a: no special abilities


You were on level 2 of the Dungeon.
You visited 1 branch of the dungeon, and saw 2 of its levels.

You collected 84 gold pieces.

Inventory:

Hand Weapons
 d - a +1 dagger
Armour
 a - a +0 robe (worn)
 h - a +0 pair of gloves (worn)
Magical Staves
 c - a staff of fire (weapon)
Jewellery
 e - a ring of ice (left hand)
 i - a ring of magical power
Scrolls
 f - a scroll of teleportation {unknown}
 g - 2 scrolls of noise
 j - a scroll of brand weapon {unknown}
 k - a scroll of enchant weapon
Potions
 b - a potion of curing


   Skills:
 * Level 0.2 Fighting
 + Level 2.2 Dodging
 - Level 1.6 Stealth
 + Level 3.9 Spellcasting


You couldn't memorise any spells.
You knew the following spells:

 Your Spells              Type           Power      Damage    Failure   Level
a - Freeze                Ice            96%        1d11      3%          1
b - Frozen Ramparts       Ice            48%        1d6       10%         3
c - Ozocubu's Armour      Ice            24%        N/A       10%         3
d - Hailstorm             Conj/Ice       24%        3d7       32%         4
e - Apportation           Tloc           32%        N/A       3%          1
Your spell library was empty.

Dungeon Overview and Level Annotations

Branches:
Dungeon (2/15)

Altars:

Shops:
D:2 *


Innate Abilities, Weirdness & Mutations

You are immune to sickness and miasma.
You are immune to poison.
Your flesh is very heat resistant. (rF++)
You are vulnerable to cold. (rC-)
You float through the air rather than walking.
You learn spells naturally, not from books.
Your magical power is your life essence.
You have superior vitality. (+4 HP)


Message History

You feel a surge of power!
You freeze the endoplasm.
The endoplasm is moderately wounded.
The endoplasm misses you.
You feel a surge of power!
You freeze the endoplasm!
You kill the endoplasm!
You can't see any susceptible monsters within range! (Use Z to cast anyway.)
You reach down and open the door.
There is an open door here.
You see here a rat skeleton.
Found a stone staircase leading up.
Things that are here:
a +2 whip of venom; a stone You now have 84 gold pieces (gained 11).
An ogre comes into view. It is wielding a +0 giant club.
You feel a surge of power!
You freeze the ogre.
The ogre is moderately wounded.
The ogre barely misses you.
You feel a surge of power!
You miscast Freeze.
You are very lightly contaminated with residual magic.
Nothing appears to happen.
You feel a surge of power!
You freeze the ogre.
The ogre is moderately wounded.
The ogre barely misses you.
You feel a surge of power!
You freeze the ogre!
The ogre is severely wounded.
The ogre hits you with a +0 giant club!
Ouch! That really hurt!
You are too injured to fight recklessly!
You are too injured to fight recklessly!
You are too injured to fight recklessly!
Casting: Freeze (safe; 3% risk of failure)
Confirm with . or Enter, or press ? or * to list all spells.
Aiming: Freeze (safe; 3% risk of failure)
Press: ? - help, Shift-Dir - straight line, f/p - ogre
Aim: an ogre, wielding a +0 giant club (severely wounded)
You feel a surge of power!
You freeze the ogre!
The ogre is almost dead.
The ogre hits you with a +0 giant club!!
Ouch! That really hurt!
You die...

#.......##.#
#....#..##.#
#....#...#.#
#..^.##..#.#
#######....# ##..)#
#...#
*******#...########
,,,,,,*##..#...O@.#
,,,,,,**#....####.#
,,,,,,+,.....#....#
,,,,,,**##...#.####
,,,,,,* **,,#.#
***+*** *,>#.# *,*
***#.# ***,* #.#
,,,,* #.#


You could see an ogre.

Vanquished Creatures
  A dart slug (D:2)
  5 ball pythons
  3 endoplasms
  2 giant cockroaches (D:1)
  3 hobgoblins
  A frilled lizard (D:1)
  2 goblins (D:1)
  3 kobolds
  A rat (D:2)
21 creatures vanquished.

Notes
Turn   | Place    | Note
-------+----------+-------------------------------------------
     0 | D:1      | Hipnos the Djinni Ice Elementalist began the quest for the
                  | Orb.
     0 | D:1      | Reached XP level 1. HP: 15/15 MP: 0/0
   385 | D:1      | Reached XP level 2. HP: 19/21 MP: 0/0
  1078 | D:1      | Acquired a staff of fire
  1194 | D:2      | Found Ypioth's General Store.
  1218 | D:2      | Found a faded altar of an unknown god.
  1317 | D:2      | Reached XP level 3. HP: 19/25 MP: 0/0
  1317 | D:2      | Learned a level 1 spell: Apportation
  1824 | D:2      | Noticed an ogre
  1830 | D:2      | Mangled by an ogre

Illustrated notes

Levels and vault maps discovered:
D:1:      nzn_arrival_crosshair, layout_loops_corners, minmay_crystal_room
D:2:      layout_basic, hellmonk_ecumenical_altar_arch_garden, serial_shops,
          shop

Action                   || total
-------------------------++-------
Melee: Dagger            ||     3
       Unarmed           ||     1
 Cast: Freeze            ||    33
  Use: Scroll            ||     4
       Potion            ||     3
Armor: Robe              ||     6
Dodge: Dodged            ||    14

Table legend: (Time is in decaauts)
 A = Elapsed time spent in this place.
 B = Non-inter-level travel time spent in this place.
 C = Inter-level travel time spent in this place.
 D = Time resting spent in this place.
 E = Time spent auto-exploring this place.
 F = Levels seen in this place.
 G = Mean time per level.
                   A        B        C        D        E       F      G
               +--------+--------+--------+--------+--------+-----+--------+
         Total |   1828 |   1784 |     44 |      0 |   1568 |   2 |  914.0 |
       Dungeon |   1828 |   1784 |     44 |      0 |   1568 |   2 |  914.0 |
               +--------+--------+--------+--------+--------+-----+--------+

Top non-repeatable levels by time:
     D:1: 1123 daAuts
     D:2: 704 daAuts
